 Dungeon Crawl Stone Soup version 0.30-a0-719-gcc4359ea44 (webtiles) character file.

Game seed: 12780310236235400545

48 themarg the Trooper (level 3, -5/30 HPs)
             Began as a Demonspawn Chaos Knight on Jan 27, 2023.
             Was a Plaything of Xom.
             Slain by a naga
             ... wielding a +0 dagger
              (19 damage)
             ... on level 3 of the Dungeon.
             The game lasted 00:02:58 (1166 turns).

themarg the Trooper (Demonspawn Chaos Knight)       Turns: 1166, Time: 00:02:58

Health: -5/30      AC:  5    Str: 14    XL:     3   Next: 50%
Magic:  3/3        EV:  9    Int: 15    God:    Xom [.*....]
Gold:   64         SH:  0    Dex: 12    Spells: 2/2 levels left

rFire   . . .      SeeInvis .    a - +0 hand axe (chaos)
rCold   . . .      Faith    .    (no shield)
rNeg    . . .      Spirit   .    b - +2 leather armour
rPois   .          Reflect  .    (no helmet)
rElec   .          Harm     .    (no cloak)
rCorr   +          Rampage  .    (no gloves)
Will    .....                    (no boots)
Stlth   +                        (no amulet)
HPRegen 0.25/turn                p - ring of resist corrosion
MPRegen 0.08/turn                (no ring)

@: constricted
A: big brain 1, weakness stinger 1
a: Renounce Religion


You were on level 3 of the Dungeon.
You worshipped Xom.
You were a plaything of Xom.
You visited 1 branch of the dungeon, and saw 3 of its levels.

You collected 64 gold pieces.

Inventory:

Hand Weapons
 a - a +0 hand axe of chaos (weapon)
 q - a +2 short sword of venom
Missiles
 e - 6 boomerangs
 i - 11 stones
Armour
 b - a +2 leather armour (worn)
Jewellery
 p - a ring of resist corrosion (left hand)
Wands
 l - a wand of paralysis (11)
Scrolls
 d - 2 scrolls of identify {unknown}
 f - a scroll of fear {unknown}
 g - a scroll of brand weapon {unknown}
 h - a scroll of blinking {unknown}
 j - 3 scrolls of teleportation
 m - a scroll of immolation {unknown}
 o - a scroll of enchant armour {unknown}
Potions
 k - a potion of haste {unknown}
 n - a potion of resistance
Miscellaneous
 c - a piece from Xom's chessboard (15/15) (quivered)


   Skills:
 + Level 3.8 Fighting
 - Level 2.6 Axes
 - Level 1.7 Armour
 + Level 2.2 Dodging


You had 2 spell levels left.
You didn't know any spells.
Your spell library contained the following spells:

 Spells                   Type           Power      Damage    Failure   Level
 Ensorcelled Hibernation  Hex/Ice        0%         N/A       45%         2
 Passwall                 Tmut/Erth      0%         N/A       45%         2
 Swiftness                Air            0%         N/A       69%         3


Dungeon Overview and Level Annotations

Branches:
Dungeon (2/15)

Altars:

Annotations:
D:3 Sigmund


Innate Abilities, Weirdness & Mutations

You have an unusually large brain. (Int +2)
You have a small tail.


Message History

You kill the giant cockroach!
You hit the orc. You freeze the orc.
The orc is heavily wounded.
The orc hits you but does no damage.
You completely miss the orc.
The orc is heavily wounded.
The orc hits you with a +0 flail.
You barely miss the orc.
Your tail-slap misses the orc.
The orc is heavily wounded.
An orc comes into view. It is wielding a +0 dagger.
The orc barely misses you.
The orc shouts!
You hit the orc.
You kill the orc!
The orc wizard points at you and mumbles some strange words.
The puff of flame misses you.
You see here a rat corpse.
The orc wizard hits you with a +0 dagger.
You see here a rat corpse.
You closely miss the orc wizard.
Your tail-slap misses the orc wizard. "Hum-dee-hum-dee-hum..."
The orc wizard evaporates and reforms as a naga!
The naga picks up a +0 dagger.
The naga wields a +0 dagger.
You hit the naga.
The naga is poisoned.
The naga is lightly wounded.
The naga picks up a +0 robe.
The naga wears a +0 robe.
You hit the naga but do no damage.
Your tail-slap misses the naga.
The naga is moderately wounded.
You hear Xom's avuncular chuckle.
The orc seems to slow down.
The orc is no longer moving slowly.
The naga closely misses you. The naga grabs you. The naga constricts you.
You hit the naga.
The naga resists with almost no effort.
The naga is heavily wounded.
The naga barely misses you. The naga constricts you.
You closely miss the naga.
The naga is severely wounded.
The naga hits you with a +0 dagger!!
Ouch! That really hurt!
You die...
Xom snickers!

#.# #.#
#.# #.#
#.# #.#
#.# #.#
#@# #N#
#o# #o#
#####.#
#o.)..#
#..o#####
##


You could see a naga (very poisoned) and 2 orcs.

Vanquished Creatures
  2 adders (D:3)
  A dart slug (D:1)
  2 orcs (D:3)
  4 bats
  An endoplasm (D:3)
  2 giant cockroaches
  2 goblins (D:1)
  3 hobgoblins (D:1)
  2 kobolds (D:1)
  A quokka (D:2)
  A frilled lizard (D:3)
  3 rats
24 creatures vanquished.

Notes
Turn   | Place    | Note
-------+----------+-------------------------------------------
     0 | D:1      | themarg the Demonspawn Chaos Knight began the quest for the
                  | Orb.
     0 | D:1      | Reached XP level 1. HP: 18/18 MP: 1/1
    43 | D:1      | Reached skill level 1 in Dodging
   158 | D:1      | XOM: divination: magic mapping
   274 | D:1      | Gained mutation: You have an unusually large brain. (Int
                  | +2) [demonic ancestry]
   274 | D:1      | Reached XP level 2. HP: 24/24 MP: 2/2
   435 | D:1      | XOM: divination: detect items
   560 | D:1      | XOM: silly message
   667 | D:1      | XOM: silly message
   716 | D:1      | XOM: scenery: 3 doors open
   800 | D:2      | You fall into a shaft and drop 1 floor!
   806 | D:3      | Gained mutation: You have a small tail. [demonic ancestry]
   806 | D:3      | Reached XP level 3. HP: 22/29 MP: 3/3
   985 | D:3      | XOM: polymorph orc -> frilled lizard
   993 | D:3      | Noticed Sigmund
  1003 | D:3      | HP: 1/30 [Sigmund/+0 scythe (7)]
  1003 | D:3      | XOM: butterfly on damage
  1004 | D:3      | XOM: cast spell 'Necromutation'
  1162 | D:3      | an orc wizard changed into a naga
  1162 | D:3      | Noticed a naga
  1162 | D:3      | XOM: polymorph orc wizard -> naga
  1164 | D:3      | XOM: enchant monster (good)
  1166 | D:3      | Slain by a naga

Illustrated notes

Levels and vault maps discovered:
D:1:      evilmike_arrival_fibonacci_small, layout_basic
D:2:      minmay_skewed_foursquare, layout_basic, palyth_stone_intersect
D:3:      layout_basic, uniq_robin, uniq_sigmund

Skill      XL: |  1  2 |
---------------+-------+-----
Dodging        | 1 2 |  2.2
Fighting       | |  3.8
Axes           | |  2.6
Armour         | |  1.7

Action                     || total
---------------------------++-------
  Melee: Hand axe          ||    66
         Tailslap          ||     5
    Use: Potion            ||     2
         Scroll            ||     1
 Armour: Leather armour    ||    26
  Dodge: Dodged            ||    46

Table legend: (Time is in decaauts)
 A = Elapsed time spent in this place.
 B = Non-inter-level travel time spent in this place.
 C = Inter-level travel time spent in this place.
 D = Time resting spent in this place.
 E = Time spent auto-exploring this place.
 F = Levels seen in this place.
 G = Mean time per level.
                   A        B        C        D        E       F      G
               +--------+--------+--------+--------+--------+-----+--------+
         Total |   1175 |   1167 |      8 |    108 |    860 |   3 |  391.7 |
       Dungeon |   1175 |   1167 |      8 |    108 |    860 |   3 |  391.7 |
               +--------+--------+--------+--------+--------+-----+--------+

Top non-repeatable levels by time:
     D:1: 752 daAuts
     D:3: 370 daAuts
     D:2: 52 daAuts
